 Dungeon Crawl Stone Soup version 0.18.1-48-g4cf74bf (webtiles) character file.

130 saintsgambit the Twirler (level 5, 0/31 HPs)
             Began as a Gargoyle Gladiator on July 2, 2016.
             Slain by an orc
             ... wielding a +0 dagger
              (3 damage)
             ... on level 3 of the Dungeon.
             The game lasted 00:05:43 (1447 turns).

saintsgambit the Twirler (Gargoyle Gladiator)       Turns: 1447, Time: 00:05:43

Health: 0/31       AC:  8    Str: 19    XL:     5   Next: 13%
Magic:  5/5        EV: 12    Int:  8    God:
Gold:   105        SH:  0    Dex: 11    Spells: 0 memorised, 4 levels left

rFire  . . .     SeeInvis .     a - +0 quarterstaff
rCold  . . .     Gourm    .     b - +0 leather armour
rNeg   + . .     Faith    .     (shield currently unavailable)
rPois  ∞         Spirit   .     c - +0 helmet
rElec  +         Dismiss  .     (no cloak)
rCorr  .         Reflect  .     (no gloves)
SustAt .         Harm     .     (no boots)
MR     .....                    (no amulet)
Stlth  +.........               (no ring)
                                (no ring)

@: not resistant to hostile enchantments, very unstealthy
A: negative energy resistance 1, electricity resistance, unbreathing,
petrification resistance, rot immunity, AC +4
a: no special abilities


You were on level 3 of the Dungeon.
You were hungry.

You visited 1 branch of the dungeon, and saw 3 of its levels.

You collected 105 gold pieces.

Inventory:

Hand Weapons
 a - a +0 quarterstaff (weapon)
Missiles
 d - a throwing net (quivered)
Armour
 b - a +0 leather armour (worn)
 c - a +0 helmet (worn)
 l - a +0 helmet
Scrolls
 e - a scroll of amnesia {unknown}
 i - 3 scrolls of identify {unknown}
 j - 3 scrolls of remove curse {unknown}
 o - a scroll of recharging {unknown}
 p - a scroll of fog {unknown}
 q - a scroll of blinking {unknown}
 r - a scroll of enchant weapon {unknown}
Potions
 h - a potion of heal wounds {unknown}
 k - a potion of beneficial mutation {unknown}
 m - a potion of invisibility {unknown}
 s - a potion of flight {unknown}
Comestibles
 f - 2 bread rations
 g - a slice of pizza
 n - 2 meat rations
 t - 5 fruits


   Skills:
 + Level 2.7 Fighting
 + Level 4.0 Staves
 + Level 2.0 Throwing
 + Level 1.8 Armour
 + Level 3.4 Dodging


You had 4 spell levels left.
You didn't know any spells.

Dungeon Overview and Level Annotations

Branches:
Dungeon (3/15)

Altars:


Innate Abilities, Weirdness & Mutations

You are resistant to torment.
Your stone body is resilient (AC +4).
You are immune to poison.
You resist negative energy.
You are resistant to electric shocks.
You can survive without breathing.
You are immune to petrification.
You are immune to rotting.


Message History

The orc completely misses you. The orc hits you with a whip.
You closely miss the orc wizard.
The orc wizard is severely wounded.
The orc wizard gestures at you while chanting.
The puff of flame hits you! The orc misses you. The orc hits you with a dagger.
* * * LOW HITPOINT WARNING * * *
The orc barely misses you. The orc hits you but does no damage.
The orc wizard casts a spell at you. The puff of frost hits you!
You hit the orc.
The orc is lightly wounded.
The orc hits you but does no damage. The orc misses you.
The orc hits you with a dagger.
* * * LOW HITPOINT WARNING * * *
The orc hits you with a whip.
* * * LOW HITPOINT WARNING * * *
The orc wizard closely misses you.
You closely miss the orc. The orc barely misses you.
The orc hits you but does no damage. The orc hits you with a dagger.
You die...

#. ...## #.
....<#
##.###....#
#.........#
#........
#......#
#......#
#....oo#
#....o@#
........oo#
#..........#
#...........$
#..........###
#..........#
#..........#
#########


You could see an orc wizard and 4 orcs.

Vanquished Creatures
  4 gnolls (D:2)
  4 adders (D:2)
  2 worms (D:2)
  3 dart slugs (D:1)
  2 giant geckos
  A ball python (D:3)
  A giant cockroach (D:1)
  4 goblins
  4 hobgoblins
  4 jackals (D:1)
  5 kobolds
  3 bats
  4 giant newts
  5 rats
46 creatures vanquished.

Notes
Turn   | Place    | Note
--------------------------------------------------------------
     0 | D:1      | saintsgambit the Gargoyle Gladiator began the quest for the Orb.
     0 | D:1      | Reached XP level 1. HP: 12/12 MP: 1/1
    69 | D:1      | Reached XP level 2. HP: 8/18 MP: 2/2
   243 | D:1      | Reached XP level 3. HP: 16/22 MP: 3/3
   745 | D:2      | Reached skill level 1 in Armour
   775 | D:2      | Reached XP level 4. HP: 12/27 MP: 4/4
  1169 | D:2      | Reached skill level 4 in Staves
  1169 | D:2      | Reached XP level 5. HP: 16/31 MP: 5/5
  1447 | D:3      | Slain by an orc

Skill      XL: |  1  2  3  4 |
---------------+-------------+-----
Dodging        | 3 |  3.4
Throwing       | 2 |  2.0
Armour         | 1 |  1.8
Staves         | 4 |  4.0
Fighting       | |  2.7

Action                   |  1- 3 |  4- 6 || total
-------------------------+-------+-------++-------
Melee: Quarterstaff      |    95 |    76 ||   171
Throw: Throwing net      |       |     4 ||     4
  Eat: Chunk             |       |     1 ||     1
Armor: Leather armour    |    32 |    61 ||    93
Dodge: Dodged            |    58 |   101 ||   159
